AoeStats
← tigremaster

MegaRandom

509439644Analyzed
4v4 RM · 6d ago on Sep 26, 2026· 30m 3s· 8 players
Game mode
Random Map
Map size
Large (8 player)
Population
200
Speed
Normal
Resources
Standard
Victory
Conquest
Starting age
Dark Age
Ending age
Imperial Age
RankedLock teamsTeams togetherTeam positionsShared explorationLock speedFull tech treeHidden civsTurbo modeCheats
Victory
Defeat
🇬🇧 Persians · United Kingdom
1164
+13
🇫🇷 Byzantines · France
1147
+14
🇫🇮 Bulgarians · Finland
1135
+14
🇫🇷 Burgundians · France
1122
+15
🇲🇽 Poles · Mexico
1129
-15
🇦🇷 Dravidians · Argentina
1108
-14
🇮🇩 Chinese · Indonesia
1098
-14
🇪🇸 Spanish · Spain
1074
-21
solmanfu
7:49 Loom
10:32 Feudal Age
14:50 Wheelbarrow
15:20 Double-Bit Axe
17:43 Castle Age
16:20 Horse Collar
19:27 Heavy Plow
23:24 Forging
23:20 Scale Barding Armor
24:59 Bloodlines
25:21 Husbandry
26:31 Chain Barding Armor
28:38 Gold Mining
29:07 Hand Cart
30:21 Iron Casting
29:37 Fletching
Kim jong-un
6:46 Loom
9:09 Feudal Age
9:44 Double-Bit Axe
15:17 Horse Collar
18:08 Wheelbarrow
17:39 Gold Mining
18:25 Stone Mining
22:06 Castle Age
20:25 Scale Barding Armor
21:13 Forging
23:50 Stone Shaft Mining
24:05 Chain Barding Armor
23:47 Husbandry
24:10 Bow Saw
27:59 Gold Shaft Mining
29:44 Iron Casting
Chef Chaudard
5:10 Double-Bit Axe
8:19 Loom
11:58 Feudal Age
16:21 Castle Age
15:09 Bow Saw
17:14 Horse Collar
18:49 Forging
18:23 Cavalier
19:50 Husbandry
21:49 Scale Barding Armor
24:53 Chain Barding Armor
swippy
10:44 Feudal Age
11:55 Loom
12:55 Double-Bit Axe
13:37 Bloodlines
22:07 Castle Age
20:33 Forging
20:29 Scale Barding Armor
20:17 Horse Collar
21:02 Gold Mining
28:36 Chain Barding Armor
F5B01
4:34 Loom
11:03 Feudal Age
16:17 Castle Age
23:34 Double-Bit Axe
Megatron2002
0:39 Loom
tigremaster
4:41 Loom
12:05 Feudal Age
19:28 Castle Age
18:03 Double-Bit Axe
18:00 Horse Collar
19:46 Pikeman
20:41 Heavy Plow
22:19 Forging
21:35 Light Cavalry
28:01 Gambesons
28:18 Squires
Sir Aldi
0:29 Loom
9:13 Feudal Age
Connection lost

Rejoining the realm…

Still unreachable

The connection could not be restored.

Session expired

The server has moved on; the page needs a fresh start.